 Dungeon Crawl Stone Soup version 0.28-a0-1412-gf95308ed99 (webtiles) character file.

Game seed: 2428159635030151743

853 funkygono the Magician (level 8, -5/51 HPs)
             Began as a Djinni Fire Elementalist on Jan 6, 2022.
             Slain by an orc warrior (11 damage)
             ... on level 5 of the Dungeon.
             The game lasted 00:07:13 (5260 turns).

funkygono the Magician (Djinni Fire Elementalist)   Turns: 5260, Time: 00:07:14

Health: -5/51      AC:  3    Str:  9    XL:     8   Next: 21%
Gold:   134        EV: 13    Int: 19    God:
                   SH:  0    Dex: 14

rFire   + + .      SeeInvis .   h - +4 dagger of Res Nullius {freeze, Will+ Str+2}
rCold   x . .      Faith    .   (no shield)
rNeg    . . .      Spirit   .   a - +1 robe
rPois   ∞          Reflect  .   (no helmet)
rElec   .          Harm     .   (no cloak)
rCorr   .          Rampage  .   (no gloves)
Will    +....                   (boots unavailable)
Stlth   ++........              (no amulet)
HPRegen 0.17/turn               (no ring)
MPRegen 0.00/turn               (no ring)

@: flying
A: sickness immunity, fire resistance 2, cold vulnerability 1, float, innate
caster, hp casting, extra vitality 1
a: no special abilities


You were on level 5 of the Dungeon.
You visited 1 branch of the dungeon, and saw 5 of its levels.

You collected 134 gold pieces.

Inventory:

Hand Weapons
 e - a +0 dagger
 f - a +2 dagger of draining
 h - the +4 dagger of Res Nullius (weapon) {freeze, Will+ Str+2}
   (You found it on level 2 of the Dungeon)

   It freezes those it strikes, dealing additional cold damage.
   It can also slow down cold-blooded creatures.
   Str:       It affects your strength (+2).
   Will:      It increases your willpower.
 j - a +2 dagger of venom
 n - a +0 falchion
 p - a +0 dagger of protection
Armour
 a - a +1 robe (worn)
 c - a +0 scale mail
 d - a +0 leather armour
Potions
 b - 4 potions of heal wounds
 g - 2 potions of attraction {unknown}
 i - 4 potions of curing
 l - a potion of lignification {unknown}
 m - a potion of mutation {unknown}


   Skills:
 + Level 0.4 Fighting
 + Level 2.9 Dodging
 - Level 1.5 Stealth
 + Level 7.0 Spellcasting


You had 2 spell levels left.
You knew the following spells:

 Your Spells              Type           Power      Damage    Failure   Level
a - Foxfire               Conj/Fire      100%       2x1d9     1%          1
b - Scorch                Fire           66%        2d8       1%          2
c - Conjure Flame         Conj/Fire      33%        6-21      1%          3
d - Inner Flame           Hex/Fire       33%        N/A       1%          3
e - Flame Wave            Conj/Fire      33%        2d7       5%          4
f - Freeze                Ice            100%       1d11      1%          1
g - Passwall              Tmut/Erth      27%        N/A       1%          2
h - Mephitic Cloud        Conj/Pois/Air  33%        N/A       1%          3
Your spell library was empty.

Dungeon Overview and Level Annotations

Branches:
Dungeon (5/15)
 Temple: D:4-7

Altars:
Fedhas
Hepliaklqana
Kikubaaqudgha
Nemelex Xobeh
Qazlal
Ru
Uskayaw
Zin

Shops:
D:3 *


Innate Abilities, Weirdness & Mutations

You are immune to sickness and miasma.
You are immune to poison.
Your flesh is very heat resistant. (rF++)
You are vulnerable to cold. (rC-)
You float through the air rather than walking.
You learn spells naturally, not from books.
Your magical power is your life essence.
You have superior vitality. (+4 MHP)


Message History

The foxfire hits the orc warrior but does no damage.
The orc warrior is moderately wounded.
The foxfire hits the orc warrior but does no damage.
The orc warrior is moderately wounded.
Casting: Foxfire (safe; 1% risk of failure)
Confirm with . or Enter, or press ? or * to list all spells.
You conjure some foxfire!
The foxfire hits the orc warrior but does no damage.
The orc warrior is moderately wounded.
An orc comes into view. It is wielding a +0 dagger.
The foxfire hits the orc warrior!
The orc warrior is heavily wounded.
Casting: Foxfire (safe; 1% risk of failure)
Confirm with . or Enter, or press ? or * to list all spells.
You conjure some foxfire!
The foxfire hits the orc warrior but does no damage.
The orc warrior is heavily wounded.
The foxfire hits the orc warrior but does no damage.
The orc warrior is heavily wounded.
An orc comes into view. It is wielding a +0 dagger.
Casting: Foxfire (safe; 1% risk of failure)
Confirm with . or Enter, or press ? or * to list all spells.
You conjure some foxfire!
The foxfire hits the orc warrior.
The orc warrior is heavily wounded.
The foxfire hits the orc warrior but does no damage.
The orc warrior is heavily wounded.
Casting: Foxfire (safe; 1% risk of failure)
Confirm with . or Enter, or press ? or * to list all spells.
Flames lash the orc wizard.
The orc wizard is moderately wounded.
The orc wizard's fire resistance burns away.
The foxfire hits the orc warrior but does no damage.
The orc warrior is heavily wounded.
The foxfire hits the orc warrior but does no damage.
The orc warrior is heavily wounded.
The orc warrior hits you with a +0 dire flail!!
* * * LOW HITPOINT WARNING * * *
Items here: ))) [[ †.
The orc warrior hits you with a +0 dire flail!
You die...

.....# #.#
#.#...._.....
.....#
#.#####...#.....##.
.....#
#.....###.).)oo....
.....#
#......##o#...#.###
..<..#
##.....##o#.......
..####
#.....##.#.#.#....
....#
#####.##o#.#.# ...
.)..# #.##o###.# $.
<...# #..@...# # #
....# ####.#.#
#.### ##.#.# [.#
#..#.# ### #.##.#
#.##.#
#.##.########
#.##...[(..[#
#.#########.#


You could see an orc warrior, an orc wizard and 2 orcs.

Vanquished Creatures
  A sky beast (D:4)
  An orc warrior (D:5)
  2 ogres (D:5)
  A centaur (D:5)
  Blork the orc (D:4)
  A scorpion (D:4)
  A jelly (D:5)
  An orc priest (D:5)
  An iguana (D:4)
  2 orc wizards (D:5)
  2 adders (D:4)
  3 gnolls
  A white imp (D:5)
  4 dart slugs
  13 orcs
  8 endoplasms
  2 giant cockroaches (D:1)
  7 goblins
  4 hobgoblins
  11 kobolds
  A quokka (D:3)
  7 ball pythons
  3 bats
  4 frilled lizards
  8 rats
90 creatures vanquished.

Vanquished Creatures (others)
  313 foxfires
313 creatures vanquished.

Grand Total: 403 creatures vanquished

Notes
Turn   | Place    | Note
-------+----------+-------------------------------------------
     0 | D:1      | funkygono the Djinni Fire Elementalist began the quest for
                  | the Orb.
     0 | D:1      | Reached XP level 1. HP: 15/15 MP: 0/0
   196 | D:1      | Reached XP level 2. HP: 20/21 MP: 0/0
   553 | D:1      | Reached skill level 3 in Spellcasting
   740 | D:1      | Reached XP level 3. HP: 21/25 MP: 0/0
   740 | D:1      | Learned a level 1 spell: Freeze
  1688 | D:2      | Identified the +4 dagger of Res Nullius {freeze, Will+
                  | Str+2}
  2140 | D:2      | Reached XP level 4. HP: 28/31 MP: 0/0
  2989 | D:3      | Reached XP level 5. HP: 33/35 MP: 0/0
  2989 | D:3      | Learned a level 2 spell: Passwall
  3179 | D:3      | Reached skill level 4 in Spellcasting
  3256 | D:3      | Found Dievinwi's General Store.
  3406 | D:4      | Noticed a sky beast
  3413 | D:4      | Killed a sky beast
  3414 | D:4      | Reached XP level 6. HP: 14/40 MP: 0/0
  3799 | D:4      | Reached skill level 5 in Spellcasting
  3968 | D:4      | Noticed Blork the orc
  3991 | D:4      | Killed Blork the orc
  3992 | D:4      | Reached XP level 7. HP: 9/45 MP: 0/0
  3992 | D:4      | Learned a level 3 spell: Mephitic Cloud
  4427 | D:5      | Entered Level 5 of the Dungeon
  4521 | D:5      | Reached skill level 6 in Spellcasting
  4810 | D:5      | Found a glowing silver altar of Zin.
  4810 | D:5      | Found a hazy altar of Hepliaklqana.
  5146 | D:5      | Reached XP level 8. HP: 48/51 MP: 0/0
  5209 | D:5      | Found a blossoming altar of Fedhas.
  5210 | D:5      | Found a hide-covered altar of Uskayaw.
  5210 | D:5      | Found a sacrificial altar of Ru.
  5211 | D:5      | Found a sparkling altar of Nemelex Xobeh.
  5211 | D:5      | Found a stormy altar of Qazlal.
  5221 | D:5      | Reached skill level 7 in Spellcasting
  5260 | D:5      | Slain by an orc warrior

Illustrated notes

Levels and vault maps discovered:
D:1:      minmay_arrival_split_and_join, layout_rooms
D:2:      layout_loops_cross
D:3:      layout_basic, serial_shops, nicolae_shop_behind_doors, dk_vineyard_1
D:4:      layout_rooms, uniq_blork_the_orc
D:5:      layout_basic, grunt_temple_overflow_open,
          gammafunk_temple_overflow_elements

Skill      XL: |  1  2  3  4  5  6  7  8 |
---------------+-------------------------+-----
Spellcasting   | 3 4 5 6 7 |  7.0
Fighting       | |  0.4
Dodging        | |  2.9
Stealth        | |  1.5

Action                   |  1- 3 |  4- 6 |  7- 9 || total
-------------------------+-------+-------+-------++-------
 Cast: Foxfire           |    66 |    63 |    61 ||   190
       Scorch            |     5 |    15 |    11 ||    31
       Conjure Flame     |       |     2 |     4 ||     6
  Use: Scroll            |     2 |     7 |     1 ||    10
Armor: Robe              |     2 |     1 |       ||     3
Dodge: Dodged            |     2 |     3 |     7 ||    12

Table legend: (Time is in decaauts)
 A = Elapsed time spent in this place.
 B = Non-inter-level travel time spent in this place.
 C = Inter-level travel time spent in this place.
 D = Time resting spent in this place.
 E = Time spent auto-exploring this place.
 F = Levels seen in this place.
 G = Mean time per level.
                   A        B        C        D        E       F      G
               +--------+--------+--------+--------+--------+-----+--------+
         Total |   5258 |   5158 |    100 |    791 |   3717 |   5 | 1051.6 |
       Dungeon |   5258 |   5158 |    100 |    791 |   3717 |   5 | 1051.6 |
               +--------+--------+--------+--------+--------+-----+--------+

Top non-repeatable levels by time:
     D:1: 1212 daAuts
     D:2: 1109 daAuts
     D:4: 1077 daAuts
     D:3: 1026 daAuts
     D:5: 832 daAuts
